TOP OF THE 1ST |
Tacoma Fur Traders batting - Pitching for Lancaster Farmers : RHP Santiago López
|
Pitching: RHP Santiago López
|
|
Batting: RHB Trevor O'Herlihy
|
0-0: Swinging Strike 0-1: Ball 1-1: Ball 2-1: Called Strike 2-2: Strikes out swinging
|
Batting: LHB Ryan Marken
|
0-0: Swinging Strike 0-1: Called Strike 0-2: Ball 1-2: Strikes out swinging
|
Batting: RHB Ken Bone
|
0-0: SINGLE (Groundball, 4D)
|
Batting: RHB Gustavo González
|
0-0: Ball 1-0: Ball 2-0: Fielders Choice at 2nd, U6 (Groundball, 4MD)
|
Top of the 1st over - 0 run(s), 1 hit(s), 0 error(s), 1 left on base; Tacoma 0 - Lancaster 0 |
BOTTOM OF THE 1ST |
Lancaster Farmers batting - Pitching for Tacoma Fur Traders : LHP César González
|
Pitching: LHP César González
|
|
Batting: RHB Roberto Camacho
|
0-0: SINGLE (Flyball, 9LM)
|
Batting: LHB Carlos Germán
|
0-0: Ball 1-0: Swinging Strike 1-1: Ball 2-1: Ball 3-1: Base on Balls Roberto Camacho to second
|
Batting: SHB Janghyun Sam
|
0-0: Ball 1-0: Called Strike 1-1: Swinging Strike 1-2: Foul Ball, location: 2F 1-2: Ball 2-2: Strikes out looking
|
Batting: RHB António Gonzáles
|
0-0: Ball 1-0: Fly out, F3 (Popup, 3D)
|
Batting: RHB Danijel van Aalten
|
0-0: Ball 1-0: Ball 2-0: Fly out, F9 (Flyball, 9)
|
Bottom of the 1st over - 0 run(s), 1 hit(s), 0 error(s), 2 left on base; Tacoma 0 - Lancaster 0 |
TOP OF THE 2ND |
Tacoma Fur Traders batting - Pitching for Lancaster Farmers : RHP Santiago López
|
Batting: SHB Carlos Alicea
|
0-0: Called Strike 0-1: Ball 1-1: Swinging Strike 1-2: Ball 2-2: Strikes out swinging
|
Batting: RHB Nick Boyd
|
0-0: SINGLE (Flyball, 89S)
|
Batting: SHB Dave Gant
|
0-0: Ball 1-0: Ball 2-0: Ball 3-0: Called Strike 3-1: Called Strike 3-2: Strikes out looking
|
Batting: RHB Carlos Correa
|
0-0: Called Strike 0-1: Fielders Choice at 2nd, 6-4 (Groundball, 6)
|
Top of the 2nd over - 0 run(s), 1 hit(s), 0 error(s), 0 left on base; Tacoma 0 - Lancaster 0 |
BOTTOM OF THE 2ND |
Lancaster Farmers batting - Pitching for Tacoma Fur Traders : LHP César González
|
Batting: SHB Alfredo Sánchez
|
0-0: Swinging Strike 0-1: Fly out, F9 (Flyball, 9S)
|
Batting: LHB Gilberto Jiménez
|
0-0: Ball 1-0: Foul Ball, location: 2F 1-1: Foul Ball, location: 2F 1-2: Ball 2-2: SINGLE (Line Drive, 78S)
|
Batting: LHB Pancho Farías
|
0-0: Fly out, F9 (Flyball, 9LSF)
|
Batting: LHB Mark Armstead
|
0-0: Ball 1-0: Called Strike 1-1: Fielders Choice at 2nd, 6-4 (Groundball, 6)
|
Bottom of the 2nd over - 0 run(s), 1 hit(s), 0 error(s), 0 left on base; Tacoma 0 - Lancaster 0 |
TOP OF THE 3RD |
Tacoma Fur Traders batting - Pitching for Lancaster Farmers : RHP Santiago López
|
Batting: RHB Roberto Aguirre
|
0-0: Ground out 6-3 (Groundball, 6)
|
Batting: RHB Trevor O'Herlihy
|
0-0: Ball 1-0: Ball 2-0: Foul Ball, location: 2F 2-1: SOLO HOME RUN (Line Drive, 78XD), Distance : 434 ft
|
Batting: LHB Ryan Marken
|
0-0: Ball 1-0: Ground out 5-3 (Groundball, 56)
|
Batting: RHB Ken Bone
|
0-0: Ball 1-0: Called Strike 1-1: Fly out, F8 (Flyball, 8LD)
|
Top of the 3rd over - 1 run(s), 1 hit(s), 0 error(s), 0 left on base; Tacoma 1 - Lancaster 0 |
BOTTOM OF THE 3RD |
Lancaster Farmers batting - Pitching for Tacoma Fur Traders : LHP César González
|
Batting: RHB Roberto Camacho
|
0-0: Called Strike 0-1: Foul Ball, location: 2F 0-2: Strikes out swinging
|
Batting: LHB Carlos Germán
|
0-0: Foul Ball, location: 2F 0-1: Ball 1-1: Foul Ball, location: 2F 1-2: Foul Ball, location: 2F 1-2: Ball 2-2: Strikes out swinging
|
Batting: SHB Janghyun Sam
|
0-0: Ball 1-0: Ball 2-0: Ball 3-0: Called Strike 3-1: Foul Ball, location: 2F 3-2: Base on Balls
|
Batting: RHB António Gonzáles
|
0-0: Ball 1-0: Foul Ball, location: 2F 1-1: Ball 2-1: Fly out, F8 (Flyball, 8LM)
|
Bottom of the 3rd over - 0 run(s), 0 hit(s), 0 error(s), 1 left on base; Tacoma 1 - Lancaster 0 |
TOP OF THE 4TH |
Tacoma Fur Traders batting - Pitching for Lancaster Farmers : RHP Santiago López
|
Batting: RHB Gustavo González
|
0-0: Foul Ball, location: 2F 0-1: Ball 1-1: Fly out, F9 (Flyball, 9D)
|
Batting: SHB Carlos Alicea
|
0-0: Called Strike 0-1: Ball 1-1: Swinging Strike 1-2: Strikes out swinging
|
Batting: RHB Nick Boyd
|
0-0: Called Strike 0-1: Ball 1-1: Ball 2-1: Fly out, F8 (Flyball, 8LXD)
|
Top of the 4th over - 0 run(s), 0 hit(s), 0 error(s), 0 left on base; Tacoma 1 - Lancaster 0 |
BOTTOM OF THE 4TH |
Lancaster Farmers batting - Pitching for Tacoma Fur Traders : LHP César González
|
Batting: RHB Danijel van Aalten
|
0-0: Fly out, F7 (Flyball, 7LS)
|
Batting: SHB Alfredo Sánchez
|
0-0: Swinging Strike 0-1: Swinging Strike 0-2: Fly out, F8 (Flyball, 8LD)
|
Batting: LHB Gilberto Jiménez
|
0-0: Ball 1-0: Ball 2-0: Called Strike 2-1: Ball 3-1: Base on Balls
|
Batting: LHB Pancho Farías
|
0-0: Foul Ball, location: 2F 0-1: Ball 1-1: Fly out, F8 (Flyball, 8LD)
|
Bottom of the 4th over - 0 run(s), 0 hit(s), 0 error(s), 1 left on base; Tacoma 1 - Lancaster 0 |
TOP OF THE 5TH |
Tacoma Fur Traders batting - Pitching for Lancaster Farmers : RHP Santiago López
|
Batting: SHB Dave Gant
|
0-0: Ball 1-0: Called Strike 1-1: Bunted foul 1-2: Foul Ball, location: 2F 1-2: Ball 2-2: Ball 3-2: Strikes out looking
|
Batting: RHB Carlos Correa
|
0-0: Reached on error, E5 (Groundball, 56)
|
Batting: RHB Roberto Aguirre
|
0-0: Called Strike 0-1: Ball 1-1: Swinging Strike 1-2: Ball 2-2: Ball 3-2: Base on Balls
|
Batting: RHB Trevor O'Herlihy
|
0-0: Ball 1-0: Ball 2-0: Ball 3-0: Called Strike 3-1: Foul Ball, location: 2F 3-2: Foul Ball, location: 2F 3-2: Foul Ball, location: 2F 3-2: Grounds into double play, 5-4-3 (Groundball, 56)
|
Top of the 5th over - 0 run(s), 0 hit(s), 1 error(s), 1 left on base; Tacoma 1 - Lancaster 0 |
BOTTOM OF THE 5TH |
Lancaster Farmers batting - Pitching for Tacoma Fur Traders : LHP César González
|
Batting: LHB Mark Armstead
|
0-0: Ball 1-0: Foul Ball, location: 2F 1-1: Called Strike 1-2: Ball 2-2: Ball 3-2: Foul Ball, location: 2F 3-2: Foul Ball, location: 2F 3-2: Base on Balls
|
Batting: RHB Roberto Camacho
|
0-0: Bunted foul 0-1: Sac Bunt - play at first, batter OUT! 1-4 Mark Armstead to second
|
Batting: LHB Carlos Germán
|
0-0: Ground out 2-3 (Groundball, 15S) Mark Armstead to third
|
Batting: SHB Janghyun Sam
|
0-0: Called Strike 0-1: Ball 1-1: Fly out, F3 (Line Drive, 34)
|
Bottom of the 5th over - 0 run(s), 0 hit(s), 0 error(s), 1 left on base; Tacoma 1 - Lancaster 0 |
TOP OF THE 6TH |
Tacoma Fur Traders batting - Pitching for Lancaster Farmers : RHP Santiago López
|
Batting: LHB Ryan Marken
|
0-0: Foul Ball, location: 2F 0-1: Called Strike 0-2: Foul Ball, location: 2F 0-2: Ball 1-2: Foul Ball, location: 2F 1-2: Ball 2-2: Ground out U3 (Groundball, 3)
|
Batting: RHB Ken Bone
|
0-0: Called Strike 0-1: Reached on error, E1 (Groundball, 13S)
|
Batting: RHB Gustavo González
|
0-0: Called Strike 0-1: Ball 1-1: Swinging Strike 1-2: Foul Ball, location: 2F 1-2: Ball 2-2: Foul Ball, location: 2F 2-2: Ball 3-2: Ground out 2-3 (Groundball, 15S) Ken Bone to second
|
Batting: SHB Carlos Alicea
|
0-0: Swinging Strike 0-1: Ball 1-1: Called Strike 1-2: Ball 2-2: Ball 3-2: Base on Balls
|
Pitching: RHP Woody Hudson
|
|
Batting: RHB Nick Boyd
|
0-0: Ball 1-0: Ball 2-0: Ball 3-0: Base on Balls Ken Bone to third Carlos Alicea to second
|
Batting: SHB Dave Gant
|
0-0: Ball 1-0: Ball 2-0: Called Strike 2-1: Foul Ball, location: 2F 2-2: Ball 3-2: Base on Balls Ken Bone scores Carlos Alicea to third Nick Boyd to second
|
Batting: RHB Carlos Correa
|
0-0: Fielders Choice at 2nd, 6-4 (Groundball, 6)
|
Top of the 6th over - 1 run(s), 0 hit(s), 1 error(s), 2 left on base; Tacoma 2 - Lancaster 0 |
BOTTOM OF THE 6TH |
Lancaster Farmers batting - Pitching for Tacoma Fur Traders : LHP César González
|
Batting: RHB António Gonzáles
|
0-0: Called Strike 0-1: Fly out, F8 (Flyball, 8LS)
|
Batting: RHB Danijel van Aalten
|
0-0: Ball 1-0: Ball 2-0: Called Strike 2-1: SINGLE (Line Drive, 78M)
|
Batting: SHB Alfredo Sánchez
|
0-0: Ball Danijel van Aalten steals 2nd base 1-0: Foul Ball, location: 2F 1-1: Ground out 4-3 (Groundball, 4M) Danijel van Aalten to third
|
Batting: LHB Gilberto Jiménez
|
0-0: Ball Wild Pitch! Danijel van Aalten scores 1-0: Called Strike 1-1: Ball 2-1: Foul Ball, location: 2F 2-2: Foul Ball, location: 2F 2-2: Ball 3-2: Foul Ball, location: 2F 3-2: Foul Ball, location: 2F 3-2: Foul Ball, location: 2F 3-2: Strikes out swinging
|
Bottom of the 6th over - 1 run(s), 1 hit(s), 0 error(s), 0 left on base; Tacoma 2 - Lancaster 1 |
TOP OF THE 7TH |
Tacoma Fur Traders batting - Pitching for Lancaster Farmers : RHP Woody Hudson
|
Batting: RHB Roberto Aguirre
|
0-0: Called Strike 0-1: Swinging Strike 0-2: Strikes out swinging
|
Batting: RHB Trevor O'Herlihy
|
0-0: Swinging Strike 0-1: Foul Ball, location: 2F 0-2: Foul Ball, location: 2F 0-2: Foul Ball, location: 2F 0-2: Ball 1-2: Ball 2-2: Foul Ball, location: 2F 2-2: Ball 3-2: Fly out, F8 (Line Drive, 8RM)
|
Batting: LHB Ryan Marken
|
0-0: Ball 1-0: Foul Ball, location: 2F 1-1: Ground out 4-3 (Groundball, 4)
|
Top of the 7th over - 0 run(s), 0 hit(s), 0 error(s), 0 left on base; Tacoma 2 - Lancaster 1 |
BOTTOM OF THE 7TH |
Lancaster Farmers batting - Pitching for Tacoma Fur Traders : LHP César González
|
Batting: LHB Pancho Farías
|
0-0: Called Strike 0-1: Called Strike 0-2: Ball 1-2: Strikes out looking
|
Batting: LHB Mark Armstead
|
0-0: Ball 1-0: Ball 2-0: Foul Ball, location: 2F 2-1: Foul Ball, location: 2F 2-2: Strikes out swinging
|
Batting: RHB Roberto Camacho
|
0-0: Ball 1-0: Called Strike 1-1: Ball 2-1: Foul Ball, location: 2F 2-2: Foul Ball, location: 2F 2-2: Ball 3-2: Base on Balls
|
Pitching: LHP César Rosado
|
|
Pinch Hitting: SHB Javier Vega
|
0-0: Ball 1-0: Swinging Strike 1-1: Ball 2-1: Fly out, F8 (Flyball, 8LS)
|
Bottom of the 7th over - 0 run(s), 0 hit(s), 0 error(s), 1 left on base; Tacoma 2 - Lancaster 1 |
TOP OF THE 8TH |
Tacoma Fur Traders batting - Pitching for Lancaster Farmers : RHP Woody Hudson
|
Now in RF: Robert La Caze
|
|
Batting: RHB Ken Bone
|
0-0: Ball 1-0: Called Strike 1-1: Ball 2-1: Foul Ball, location: 2F 2-2: Foul Ball, location: 2F 2-2: Foul Ball, location: 2F 2-2: Strikes out looking
|
Batting: RHB Gustavo González
|
0-0: Called Strike 0-1: Ball 1-1: Ball 2-1: Called Strike 2-2: Foul Ball, location: 2F 2-2: Ball 3-2: Fly out, F9 (Flyball, 9S)
|
Batting: SHB Carlos Alicea
|
0-0: Ball 1-0: Called Strike 1-1: Ball 2-1: Ball 3-1: Base on Balls
|
Batting: RHB Nick Boyd
|
0-0: Ball 1-0: Foul Ball, location: 2F 1-1: Ball Wild Pitch! Carlos Alicea to second 2-1: Ball 3-1: Called Strike 3-2: Foul Ball, location: 2F 3-2: SINGLE (Groundball, 34D) Carlos Alicea to third Carlos Alicea scores
|
Pitching: RHP Bert Gean
|
|
Batting: SHB Dave Gant
|
0-0: Ball 1-0: Called Strike 1-1: Foul Ball, location: 2F 1-2: Ball 2-2: Foul Ball, location: 2F 2-2: Fly out, F9 (Flyball, 89S)
|
Top of the 8th over - 1 run(s), 1 hit(s), 0 error(s), 1 left on base; Tacoma 3 - Lancaster 1 |
BOTTOM OF THE 8TH |
Lancaster Farmers batting - Pitching for Tacoma Fur Traders : LHP César Rosado
|
Batting: SHB Janghyun Sam
|
0-0: Called Strike 0-1: Ball 1-1: Ball 2-1: Ball 3-1: Base on Balls
|
Pitching: RHP Jeff Pearce
|
|
Batting: RHB António Gonzáles
|
0-0: Ball 1-0: Swinging Strike 1-1: Swinging Strike 1-2: Ball 2-2: Strikes out swinging
|
Batting: RHB Danijel van Aalten
|
0-0: Called Strike 0-1: Ball 1-1: Ball 2-1: Ball 3-1: Called Strike 3-2: Strikes out looking
|
Batting: SHB Alfredo Sánchez
|
0-0: Called Strike 0-1: Foul Ball, location: 2F 0-2: Fielders Choice at 2nd, 4-6 (Groundball, 4)
|
Bottom of the 8th over - 0 run(s), 0 hit(s), 0 error(s), 0 left on base; Tacoma 3 - Lancaster 1 |
TOP OF THE 9TH |
Tacoma Fur Traders batting - Pitching for Lancaster Farmers : RHP Bert Gean
|
Batting: RHB Carlos Correa
|
0-0: Called Strike 0-1: Foul Ball, location: 2F 0-2: Ball 1-2: Foul Ball, location: 2F 1-2: Ball 2-2: SOLO HOME RUN (Flyball, 7D), Distance : 381 ft
|
Batting: RHB Roberto Aguirre
|
0-0: Called Strike 0-1: Swinging Strike 0-2: Strikes out swinging
|
Batting: RHB Trevor O'Herlihy
|
0-0: Swinging Strike 0-1: Called Strike 0-2: SINGLE (Groundball, 4MD)
|
Batting: LHB Ryan Marken
|
0-0: Foul Ball, location: 2F 0-1: Ball 1-1: Ball 2-1: Foul Ball, location: 2F 2-2: Foul Ball, location: 2F 2-2: Fly out, F7 (Flyball, 78M)
|
Batting: RHB Ken Bone
|
0-0: Called Strike 0-1: Ball 1-1: Ball 2-1: 2-RUN HOME RUN (Flyball, 8LXD), Distance : 448 ft
|
Pitching: RHP Eric Craft
|
|
Batting: RHB Gustavo González
|
0-0: Fly out, F8 (Flyball, 8RM)
|
Top of the 9th over - 3 run(s), 3 hit(s), 0 error(s), 0 left on base; Tacoma 6 - Lancaster 1 |
BOTTOM OF THE 9TH |
Lancaster Farmers batting - Pitching for Tacoma Fur Traders : RHP Jeff Pearce
|
Pitching: LHP Juan Vargas
|
|
Batting: LHB Gilberto Jiménez
|
0-0: Ball 1-0: Foul Ball, location: 2F 1-1: Foul Ball, location: 2F 1-2: Ball 2-2: Foul Ball, location: 2F 2-2: Foul Ball, location: 2F 2-2: Ball 3-2: Foul Ball, location: 2F 3-2: Base on Balls
|
Batting: LHB Pancho Farías
|
0-0: Fly out, F9 (Flyball, 9LSF)
|
Batting: LHB Mark Armstead
|
0-0: Called Strike 0-1: Foul Ball, location: 2F 0-2: Ball 1-2: Reached on error, E4 (Groundball, 4) Gilberto Jiménez to second
|
Batting: RHB Roberto Camacho
|
0-0: Called Strike 0-1: Ball 1-1: Ball 2-1: Ball 3-1: Base on Balls Gilberto Jiménez to third Mark Armstead to second
|
Batting: SHB Robert La Caze
|
0-0: Ball 1-0: Ball 2-0: Called Strike 2-1: Foul Ball, location: 2F 2-2: Ground out 4-3 (Groundball, 4D) Gilberto Jiménez scores Mark Armstead to third Roberto Camacho to second
|
Batting: SHB Janghyun Sam
|
0-0: Ball 1-0: Ball 2-0: Ball 3-0: Called Strike 3-1: Foul Ball, location: 2F 3-2: Strikes out swinging
|
Bottom of the 9th over - 1 run(s), 0 hit(s), 1 error(s), 2 left on base; Tacoma 6 - Lancaster 2 |
|